[Event "Titled Tuesday Blitz May 24 Early 2022"]
[White "Yaksin, Oleg"]
[Black "Samunenkov, Ihor"]
[WhiteFideId "24105880"]
[BlackFideId "14187086"]
[WhiteElo "2256"]
[BlackElo "2409"]
[Result "1-0"]
[Round "06"]
[TimeControl "180+1"]
[Date "2022.05.25"]
[WhiteClock "0:00:03"]
[BlackClock "0:00:03"]

1. d4 Nf6 2. c4 e6 3. g3 d5 4. Nf3 Be7 5. Bg2 O-O 6. O-O c6 7. Qc2 b6 8. Bf4 Bb7 9. Rd1 Nh5 10. Be3 Nf6 11. Nc3 dxc4 12. Ne5 Nd5 13. Nxc4 Nd7 14. a3 b5 15. Nxd5 cxd5 16. Ne5 Nxe5 17. dxe5 Rc8 18. Qb3 a6 19. Rac1 Qd7 20. Qd3 Rxc1 21. Rxc1 Rc8 22. Rc3 Rc4 23. Bd4 Qc7 24. e3 a5 25. Qc2 Ba6 26. Bf1 Rxc3 27. Qxc3 Qxc3 28. Bxc3 a4 29. Bb4 Bd8 30. Bd3 Bb6 31. Kf1 f6 32. exf6 gxf6 33. Ke2 h6 34. f4 Kf7 35. g4 e5 36. fxe5 fxe5 37. Bf5 Kf6 38. h4 h5 39. Bd7 hxg4 40. Bxg4 d4 41. exd4 Bxd4 42. Kd3 Bxb2 43. Bf3 Bd4 44. Be4 Bc8 45. h5 Bg4 46. h6 Be6 47. h7 Kg7 48. Be7 1-0


[Site "https://www.chess.com"]

[Event "Titled Tuesday Blitz May 24 Early 2022"]
[White "Yang, Kaiqi"]
[Black "Zakhartsov, Vladimir"]
[WhiteFideId "8604398"]
[BlackFideId "4145097"]
[WhiteElo "2373"]
[BlackElo "2428"]
[Result "1/2-1/2"]
[Round "06"]
[TimeControl "180+1"]
[Date "2022.05.24"]
[WhiteClock "0:00:14"]
[BlackClock "0:00:08"]

1. d4 Nf6 2. c4 g6 3. h4 c5 4. d5 b5 5. cxb5 a6 6. e3 Bg7 7. Nc3 O-O 8. Nf3 e6 9. dxe6 fxe6 10. Be2 d5 11. O-O axb5 12. Bxb5 Ng4 13. Ng5 Nf6 14. e4 d4 15. e5 Nd5 16. Nce4 Bxe5 17. Nxc5 Qb6 18. Nd3 Qxb5 19. Nxe5 Nb4 20. Qxd4 Ba6 21. Bd2 Nc2 22. Qe4 Nxa1 23. Rxa1 Bb7 24. Qe3 Nc6 25. Nxg6 Rfe8 26. Nf4 Qf5 27. Bc3 Rad8 28. Nh5 e5 29. Re1 Rf8 30. Ng3 Qg6 31. h5 Qf6 32. N3e4 Qf5 33. Qb6 Rd7 34. Re3 Nd4 35. Bxd4 Bxe4 36. Bc3 Rd1+ 37. Kh2 Qxg5 38. Rg3 Rf5 39. Qb8+ Kg7 40. Bxe5+ Kh6 41. Rxg5 Kxg5 42. Qg8+ Kh6 43. Bf4+ Rxf4 44. Qe6+ Kg5 45. Qe5+ Bf5 46. f3 Rh4+ 47. Kg3 Rdd4 48. f4+ Rdxf4 49. Qe7+ Kxh5 50. Qf7+ Kg5 51. Qg7+ Bg6 52. Qe5+ Kh6 53. Qxf4+ Rxf4 54. Kxf4 Bf7 55. a4 Bd5 56. b4 Bxg2 57. b5 Bd5 58. a5 Bc4 59. b6 Ba6 60. Ke5 Kg6 61. Kd6 h5 62. Kc7 h4 63. b7 Bxb7 64. Kxb7 h3 65. a6 h2 66. a7 h1=Q+ 67. Kb8 Qh8+ 68. Kb7 Qb2+ 69. Kc8 Qc3+ 70. Kb7 Qb4+ 71. Kc8 Qc5+ 72. Kb7 Qb5+ 73. Ka8 Qc6+ 74. Kb8 Qb6+ 75. Ka8 Qd8+ 76. Kb7 Qd7+ 77. Kb8 Qb5+ 78. Kc7 Qd5 79. Kb8 Qb5+ 80. Kc7 Qa6 81. Kb8 Qb6+ 82. Ka8 Qf6 83. Kb7 Qd8 84. a8=Q Qd5+ 85. Kb8 Qd6+ 86. Kb7 Qd7+ 87. Kb8 Qb5+ 88. Qb7 Qe5+ 89. Qc7 Qe8+ 90. Qc8 Kf7 91. Qxe8+ Kxe8 1/2-1/2


[Site "https://www.chess.com"]

[Event "Titled Tuesday Blitz May 24 Early 2022"]
[White "Yuan, Qingyu"]
[Black "Schekachikhin, Maksim"]
[WhiteFideId "8609772"]
[BlackFideId "24177830"]
[WhiteElo "2359"]
[BlackElo "2239"]
[Result "0-1"]
[Round "06"]
[TimeControl "180+1"]
[Date "2022.05.24"]
[WhiteClock "0:00:07"]
[BlackClock "0:00:17"]

1. e4 c5 2. Nf3 a6 3. c4 Nc6 4. d4 cxd4 5. Nxd4 Nf6 6. Nc3 Qc7 7. a3 e6 8. Be3 b6 9. Nxc6 dxc6 10. c5 Bxc5 11. Bxc5 bxc5 12. Be2 O-O 13. O-O Rb8 14. Qc2 Rd8 15. Na4 Qe5 16. Rfd1 Bd7 17. f3 c4 18. Qxc4 c5 19. Qxc5 Nd5 20. Nc3 Rdc8 21. Qd4 Qxd4+ 22. Rxd4 Nxc3 23. bxc3 Bb5 24. c4 Bc6 25. Ra2 Kf8 26. e5 Ke7 27. Kf2 f6 28. exf6+ gxf6 29. Rh4 Rh8 30. Rd2 a5 31. Rd3 Rb2 32. Re3 Kf7 33. h3 e5 34. Kg1 h6 35. Bf1 Kg7 36. f4 e4 37. f5 Kf7 38. Be2 Ke7 39. Kf2 Kd6 40. Rg3 Ke5 41. Rh5 Ba4 42. Re3 Bd1 43. Rh4 Rxe2+ 44. Rxe2 Bxe2 45. Kxe2 Rb8 46. Rxh6 Rb2+ 47. Kf1 Ra2 48. h4 Rxa3 49. h5 Kxf5 50. Rg6 Ra1+ 51. Kf2 Rh1 52. g4+ Ke5 53. Kg2 Rd1 54. h6 Rd8 55. h7 Rh8 56. Rg7 a4 57. Ra7 a3 58. Kg3 a2 59. Rxa2 Rxh7 60. Ra5+ Kd4 61. Kf4 Re7 62. Rd5+ Kxc4 63. Rd1 e3 64. Kf3 e2 65. Re1 Kd3 66. Kf2 Kd2 67. Rb1 e1=Q+ 68. Rxe1 Rxe1 69. Kf3 Rf1+ 70. Ke4 Ke2 71. g5 fxg5 72. Ke5 g4 73. Ke6 g3 74. Ke7 g2 75. Ke8 g1=Q 0-1


[Site "https://www.chess.com"]

[Event "Titled Tuesday Blitz May 24 Early 2022"]
[White "Zhigalko, Sergei"]
[Black "Cardoso Cardoso, Jose Gabriel"]
[WhiteFideId "13502956"]
[BlackFideId "4430492"]
[WhiteElo "2662"]
[BlackElo "2485"]
[Result "1-0"]
[Round "06"]
[TimeControl "180+1"]
[Date "2022.05.24"]
[WhiteClock "0:00:36"]
[BlackClock "0:00:11"]

1. e4 c5 2. Nf3 g6 3. c3 d5 4. exd5 Qxd5 5. d4 Bg7 6. Na3 cxd4 7. Bc4 Qe4+ 8. Be3 Nh6 9. Nb5 O-O 10. cxd4 Nc6 11. O-O Nf5 12. Qd2 Nh4 13. Nxh4 Qxh4 14. Bg5 Qg4 15. h3 Qf5 16. Rfe1 a6 17. Nc7 Rb8 18. Bxe7 Nxe7 19. Rxe7 b5 20. Bb3 Qf6 21. Rae1 Qxd4 22. Rxf7 Qxd2 23. Rxf8+ Kxf8 24. Re8# 1-0


[Site "https://www.chess.com"]

[Event "Titled Tuesday Blitz May 24 Early 2022"]
[White "Zia, Tahsin Tajwar"]
[Black "Schut, Han"]
[WhiteFideId "10211888"]
[BlackFideId "1005561"]
[WhiteElo "1800"]
[BlackElo "2057"]
[Result "0-1"]
[Round "06"]
[TimeControl "180+1"]
[Date "2022.05.25"]
[WhiteClock "0:00:03"]
[BlackClock "0:00:08"]

1. d4 Nf6 2. Bg5 d5 3. e3 Ne4 4. Bf4 c6 5. Nd2 Qb6 6. Ngf3 Qxb2 7. Nxe4 dxe4 8. Nd2 e5 9. Bxe5 Bb4 10. Rb1 Bxd2+ 11. Kxd2 Qxa2 12. Ra1 Qe6 13. Be2 O-O 14. g4 Nd7 15. Bf4 Nb6 16. h4 Nc4+ 17. Ke1 b5 18. Kf1 a5 19. g5 a4 20. h5 a3 21. Rh4 a2 22. Kg2 f6 23. Bg4 Qe7 24. g6 h6 25. Kh2 f5 26. Bh3 Qxh4 27. Qg1 Nd2 28. Bg3 Nf3+ 29. Kg2 Qxh3+ 30. Kxh3 Nxg1+ 31. Rxg1 f4+ 32. Kh4 fxg3 33. Rxg3 a1=Q 0-1


[Site "https://www.chess.com"]

[Event "Titled Tuesday Blitz May 24 Early 2022"]
[White "Zorbos"]
[Black "Polster, Christian"]
[BlackFideId "12965081"]
[WhiteElo "2483"]
[BlackElo "2307"]
[Result "1-0"]
[Round "06"]
[TimeControl "180+1"]
[Date "2022.05.25"]
[WhiteClock "0:00:51"]
[BlackClock "0:00:03"]

1. Nf3 d5 2. g3 Nf6 3. Bg2 Bf5 4. O-O e6 5. d4 h6 6. c4 c6 7. Qb3 Qb6 8. c5 Qxb3 9. axb3 Nbd7 10. b4 a6 11. Nc3 Rc8 12. Bf4 g5 13. Be5 Nxe5 14. Nxe5 Be7 15. f3 O-O 16. e4 dxe4 17. fxe4 Bh7 18. Rad1 Rfd8 19. Bh3 Rc7 20. Bg2 Rf8 21. Nc4 Rd7 22. Nd6 Ne8 23. e5 Nxd6 24. cxd6 Bd8 25. Be4 Bb6 26. Bxh7+ Kxh7 27. Ne4 f5 28. Nc5 Bxc5 29. bxc5 Kg6 30. Kg2 h5 31. Rd3 Rdf7 32. Rb3 Rd8 33. Rb4 Rdd7 34. h4 g4 35. Rf4 Kg7 36. Kf2 Kf8 37. Ke3 Ke8 38. Kd3 Kd8 39. Kc4 Kc8 40. Kb3 Kb8 41. Ka4 Ka7 42. Kb3 Rd8 43. Kc3 Rdd7 44. Kd3 Rd8 45. Ke3 Rg8 46. Rf2 Rgg7 47. Kf4 Rg8 48. Rc2 Rgg7 49. Rc3 Rg8 50. d5 cxd5 51. c6 bxc6 52. Rxc6 Rgg7 53. Rc8 Rb7 54. Rxb7+ Kxb7 55. Re8 Kc6 56. Rxe6 d4 57. Re8 Kd5 58. Re7 Rg8 59. d7 Rd8 60. e6 Kd6 61. Re8 Kc7 62. Ke5 d3 63. Rxd8 Kxd8 64. Kd6 d2 65. e7# 1-0


[Site "https://www.chess.com"]

[Event "Titled Tuesday Blitz May 24 Early 2022"]
[White "Antipov, Mikhail Al."]
[Black "Swiercz, Dariusz"]
[WhiteFideId "4107012"]
[BlackFideId "1126881"]
[WhiteElo "2512"]
[BlackElo "2627"]
[Result "1/2-1/2"]
[Round "07"]
[TimeControl "180+1"]
[Date "2022.05.24"]
[WhiteClock "0:00:48"]
[BlackClock "0:00:58"]

1. e4 e5 2. Nf3 Nc6 3. Bb5 Nf6 4. O-O Nxe4 5. Re1 Nd6 6. Nxe5 Be7 7. Bf1 Nxe5 8. Rxe5 O-O 9. Nc3 Ne8 10. Nd5 Bd6 11. Re1 c6 12. Ne3 Be7 13. Nf5 Bf6 14. Qe2 Kh8 15. Ne7 Nc7 16. Nxc8 Re8 17. Qd1 Rxe1 18. Qxe1 Rxc8 19. g3 Qe8 20. Qd1 d5 21. d4 Ne6 22. c3 Bg5 23. Bh3 Bxc1 24. Rxc1 Rc7 25. Qd2 Re7 26. Bg4 g6 27. h4 h5 28. Bf3 Kg7 29. c4 dxc4 30. Rxc4 Nc7 31. d5 Nxd5 32. Bxd5 cxd5 33. Qxd5 Qd7 34. Qxd7 Rxd7 35. Rc2 1/2-1/2


[Site "https://www.chess.com"]

[Event "Titled Tuesday Blitz May 24 Early 2022"]
[White "Araujo Filho, Luiz Antonio Coel"]
[Black "Keller, Peter"]
[WhiteFideId "2130661"]
[BlackFideId "1272105"]
[WhiteElo "2253"]
[BlackElo "2275"]
[Result "0-1"]
[Round "07"]
[TimeControl "180+1"]
[Date "2022.05.25"]
[WhiteClock "0:00:07"]
[BlackClock "0:00:08"]

1. d4 d5 2. Nf3 Nf6 3. e3 Bg4 4. Nbd2 Nbd7 5. b3 c6 6. Bb2 e6 7. Be2 Bd6 8. O-O Qc7 9. c4 Ne4 10. h3 Nxd2 11. Qxd2 Bh5 12. Rac1 h6 13. Rfe1 g5 14. g4 Bg6 15. Bd3 Bxd3 16. Qxd3 h5 17. cxd5 hxg4 18. hxg4 exd5 19. Nxg5 Rg8 20. Qf5 O-O-O 21. Kf1 Rdf8 22. a3 Qb6 23. b4 Qb5+ 24. Re2 Kc7 25. Ke1 Nb6 26. Nh7 Nc4 27. Nxf8 Rxf8 28. Rec2 a5 29. bxa5 Nxb2 30. Rb1 Nd3+ 31. Kd2 Qxb1 32. Qxd3 Ra8 33. Qf5 Rxa5 34. Qxf7+ Kb6 35. Qe6 Bxa3 36. g5 Bb4+ 37. Ke2 Qxc2+ 38. Kf3 Ra2 0-1


[Site "https://www.chess.com"]

[Event "Titled Tuesday Blitz May 24 Early 2022"]
[White "Avinash, Ramesh"]
[Black "Shtyka, Sergey"]
[WhiteFideId "45018340"]
[BlackFideId "4138465"]
[WhiteElo "1875"]
[BlackElo "2014"]
[Result "1-0"]
[Round "07"]
[TimeControl "180+1"]
[Date "2022.05.25"]
[WhiteClock "0:01:03"]
[BlackClock "0:00:08"]

1. c4 c5 2. Nf3 Nc6 3. g3 g6 4. Bg2 Bg7 5. O-O e5 6. Nc3 Nge7 7. d3 O-O 8. Be3 d6 9. Qd2 Nf5 10. Nd5 Nxe3 11. fxe3 Ne7 12. Nxe7+ Qxe7 13. e4 f5 14. exf5 gxf5 15. Nh4 Be6 16. e4 f4 17. Nf5 Bxf5 18. exf5 Rxf5 19. Be4 Rg5 20. Kh1 fxg3 21. hxg3 Rf8 22. Qh2 h6 23. Kg2 Rf4 24. Qh3 Rfg4 25. Rf3 h5 26. Raf1 b6 27. Kh1 Kh8 28. Rf7 Qe8 29. R1f3 Qe6 30. Rxa7 Qh6 31. Ra8+ 1-0


[Site "https://www.chess.com"]

[Event "Titled Tuesday Blitz May 24 Early 2022"]
[White "Bachmann, Axel"]
[Black "Zhigalko, Sergei"]
[WhiteFideId "3700488"]
[BlackFideId "13502956"]
[WhiteElo "2587"]
[BlackElo "2662"]
[Result "1/2-1/2"]
[Round "07"]
[TimeControl "180+1"]
[Date "2022.05.24"]
[WhiteClock "0:00:07"]
[BlackClock "0:00:02"]

1. e4 c5 2. Nf3 Nc6 3. Bb5 Nf6 4. d3 Qa5+ 5. Nc3 Nd4 6. Bc4 b5 7. Bb3 Nxb3 8. cxb3 d6 9. h3 e6 10. O-O Be7 11. Re1 O-O 12. d4 b4 13. Na4 cxd4 14. Qxd4 Bb7 15. Bd2 d5 16. exd5 Bxd5 17. Ne5 Rfd8 18. Qf4 Qb5 19. Rac1 Rac8 20. Be3 Rxc1 21. Rxc1 Bd6 22. Bd4 h6 23. Qe3 a5 24. Bc5 Bxe5 25. Qxe5 Rc8 26. Qe3 Ne4 27. Bd4 Rxc1+ 28. Qxc1 Qe2 29. Nb6 Bb7 30. Nc4 Ng5 31. Be3 Bd5 32. Bxg5 hxg5 33. Ne3 Be4 34. a3 f5 35. axb4 axb4 36. Qc4 Qe1+ 37. Qf1 Qd2 38. Qc4 Kh7 39. Qxe6 Qxb2 40. Qe5 Qc1+ 41. Kh2 Qd2 42. Nxf5 Bxf5 43. Qxf5+ Kh6 44. Qe6+ Kh7 45. Qe3 Qc3 46. Kg3 Kh6 47. Kf3 Qc6+ 48. Qe4 Qc3+ 49. Qe3 Qc6+ 50. Kg3 Qc3 51. Kg4 Qc8+ 52. Kf3 Qc6+ 1/2-1/2


[Site "https://www.chess.com"]

[Event "Titled Tuesday Blitz May 24 Early 2022"]
[White "Bacrot, Etienne"]
[Black "Grischuk, Alexander"]
[WhiteFideId "605506"]
[BlackFideId "4126025"]
[WhiteElo "2673"]
[BlackElo "2762"]
[Result "0-1"]
[Round "07"]
[TimeControl "180+1"]
[Date "2022.05.24"]
[WhiteClock "0:00:11"]
[BlackClock "0:00:50"]

1. e4 e6 2. Nf3 d5 3. exd5 exd5 4. d4 Bd6 5. c4 Nf6 6. c5 Be7 7. Qa4+ c6 8. Bd3 O-O 9. O-O b6 10. cxb6 Qxb6 11. Re1 Bd6 12. Nc3 Ba6 13. Bxa6 Nxa6 14. Bg5 Nd7 15. Nxd5 cxd5 16. Qxd7 Nb4 17. Re2 Rac8 18. a3 Nc2 19. Rd1 Rc7 20. Qf5 Rfc8 21. Bc1 Nxd4 22. Nxd4 Rxc1 23. Ree1 Qxb2 24. Rxc1 Rxc1 0-1


[Site "https://www.chess.com"]

[Event "Titled Tuesday Blitz May 24 Early 2022"]
[White "Barp, Alberto"]
[Black "Tymrakiewicz, Rafal"]
[WhiteFideId "872555"]
[BlackFideId "1108832"]
[WhiteElo "2229"]
[BlackElo "2205"]
[Result "1-0"]
[Round "07"]
[TimeControl "180+1"]
[Date "2022.05.25"]
[WhiteClock "0:00:07"]
[BlackClock "0:00:04"]

1. d4 Nf6 2. Bg5 d5 3. Bxf6 gxf6 4. e3 c5 5. c4 cxd4 6. exd4 Nc6 7. Nf3 dxc4 8. Bxc4 Na5 9. Be2 e6 10. O-O Be7 11. Nc3 O-O 12. Bd3 Bd7 13. Qe2 f5 14. Rad1 Bf6 15. Ne5 Nc6 16. Bb1 Qc7 17. Rfe1 Rad8 18. Rd3 Kh8 19. Rh3 Bg7 20. Qh5 h6 21. Nxf7+ Rxf7 22. Qxf7 Nxd4 23. Rg3 Rg8 24. Rd1 Qd6 25. Kh1 e5 26. Qh5 e4 27. Rg6 Qe5 28. Rxh6+ Bxh6 29. Qxh6# 1-0


[Site "https://www.chess.com"]

[Event "Titled Tuesday Blitz May 24 Early 2022"]
[White "Begunov, Konstantin"]
[Black "Winkels, Marcel"]
[WhiteFideId "4118510"]
[BlackFideId "1003887"]
[WhiteElo "2262"]
[BlackElo "1900"]
[Result "1-0"]
[Round "07"]
[TimeControl "180+1"]
[Date "2022.05.25"]
[WhiteClock "0:00:16"]
[BlackClock "0:00:06"]

1. d4 Nf6 2. c4 c5 3. Nf3 cxd4 4. Nxd4 Nc6 5. Nc3 e6 6. g3 Qb6 7. Nc2 Ne5 8. e4 Bc5 9. Qe2 d5 10. exd5 Neg4 11. Nd1 O-O 12. h3 exd5 13. hxg4 Bxg4 14. f3 Rfe8 15. Nde3 d4 16. fxg4 dxe3 17. Bg2 Ne4 18. Bxe4 Rxe4 19. O-O Qe6 20. Rf4 Re8 21. b4 Be7 22. Rxe4 Qxe4 23. Bxe3 Qe5 24. Re1 Qxg3+ 25. Qg2 Qb8 26. Bf2 Qc7 27. Qe4 Kf8 28. c5 Qd7 29. Nd4 Bf6 30. Qxe8+ Qxe8 31. Rxe8+ Kxe8 32. Kg2 Kd7 33. Kf3 g6 34. Ke4 h5 35. gxh5 gxh5 36. a4 h4 37. b5 h3 38. Bg3 Bg5 39. c6+ bxc6 40. bxc6+ Kc8 41. Nb5 Bd8 42. Nxa7# 1-0


[Site "https://www.chess.com"]

[Event "Titled Tuesday Blitz May 24 Early 2022"]
[White "Bharath Subramaniyam H"]
[Black "Svane, Rasmus"]
[WhiteFideId "46634827"]
[BlackFideId "4657101"]
[WhiteElo "2242"]
[BlackElo "2674"]
[Result "1-0"]
[Round "07"]
[TimeControl "180+1"]
[Date "2022.05.24"]
[WhiteClock "0:00:12"]
[BlackClock "0:00:07"]

1. c4 Nf6 2. Nc3 e5 3. Nf3 Nc6 4. e3 Bb4 5. Qc2 Bxc3 6. Qxc3 Qe7 7. d4 exd4 8. Nxd4 Nxd4 9. Qxd4 b6 10. f3 Bb7 11. e4 c5 12. Qd2 O-O 13. Be2 Ne8 14. b3 f5 15. exf5 Nd6 16. Bb2 Nxf5 17. O-O Qe3+ 18. Qxe3 Nxe3 19. Rf2 d5 20. cxd5 Bxd5 21. Rc1 Rad8 22. Bb5 Nf5 23. Rd2 Be6 24. Rcd1 Rxd2 25. Rxd2 Kf7 26. Be5 Ke7 27. Kf2 h5 28. g3 g5 29. Bc6 g4 30. f4 h4 31. Be4 hxg3+ 32. hxg3 Rf7 33. Kg2 Rh7 34. Bd6+ Kf7 35. Bb8 Rh3 36. Rd3 a6 37. Ba7 Nd4 38. Bxb6 Bf5 39. Rxd4 cxd4 40. Bxf5 d3 41. Bxd3 Rh6 42. Bc4+ Ke8 43. Be3 a5 44. Bd2 a4 45. bxa4 Rd6 46. Be3 Kd8 47. a5 Rc6 48. Bd5 Rc3 49. Kf2 Ra3 50. Be6 Ke7 51. Bxg4 Rxa5 52. a3 Rxa3 53. Bc5+ Kf6 54. Bxa3 Kg6 55. Bb2 1-0


[Site "https://www.chess.com"]

[Event "Titled Tuesday Blitz May 24 Early 2022"]
[White "Bifulco, Michel"]
[Black "Perez Leiva, Jerzy Jesus"]
[WhiteFideId "828580"]
[BlackFideId "3524337"]
[WhiteElo "2165"]
[BlackElo "2287"]
[Result "0-1"]
[Round "07"]
[TimeControl "180+1"]
[Date "2022.05.25"]
[WhiteClock "0:01:26"]
[BlackClock "0:01:16"]

1. d4 Nf6 2. Nc3 d5 3. Bf4 c6 4. e3 Qb6 5. Rb1 g6 6. Nf3 Bg7 7. Be2 O-O 8. O-O Nbd7 9. b4 Re8 10. b5 Qa5 11. Qd3 c5 12. dxc5 Nxc5 13. Qd2 Qd8 14. Rfd1 Nfe4 15. Nxe4 Nxe4 16. Qc1 Nc3 17. Bd3 Nxd1 18. Qxd1 e5 19. Bg5 f6 20. Bh4 e4 0-1


[Site "https://www.chess.com"]

[Event "Titled Tuesday Blitz May 24 Early 2022"]
[White "Bluebaum, Matthias"]
[Black "Livaic, Leon"]
[WhiteFideId "24651516"]
[BlackFideId "14531534"]
[WhiteElo "2556"]
[BlackElo "2540"]
[Result "0-1"]
[Round "07"]
[TimeControl "180+1"]
[Date "2022.05.24"]
[WhiteClock "0:00:11"]
[BlackClock "0:00:22"]

1. d4 d5 2. c4 e6 3. Nc3 Nf6 4. cxd5 exd5 5. Bg5 c6 6. e3 Be6 7. Bd3 Nbd7 8. Bf4 h6 9. h3 Nb6 10. Qc2 Bd6 11. Nge2 O-O 12. O-O Qe7 13. Rad1 a5 14. Bxd6 Qxd6 15. f3 Nc4 16. Qc1 Qb4 17. b3 Nb6 18. e4 dxe4 19. fxe4 Nh7 20. Bc2 Rad8 21. a3 Qe7 22. e5 c5 23. Qe3 cxd4 24. Nxd4 Rfe8 25. Ndb5 Rxd1 26. Rxd1 Nd7 27. Nd6 Rb8 28. b4 axb4 29. axb4 Nhf8 30. Ne2 Ba2 31. Nc3 Be6 32. Qg3 Qg5 33. Qxg5 hxg5 34. Nce4 g4 35. hxg4 Nxe5 36. Nc5 Bxg4 37. Re1 Nc6 38. Bb3 Bh5 39. b5 Nd4 40. Be6 Nfxe6 41. Ncxb7 Nxb5 42. Re5 Nxd6 43. Nxd6 Bg6 44. Re1 Rb1 45. Rxb1 Bxb1 46. Nc4 Bg6 47. Ne3 f6 48. Kf2 Kf7 49. Nc4 Ng5 50. Nd2 Ne4+ 51. Nxe4 Bxe4 52. g3 g5 53. Ke3 Bf5 0-1


[Site "https://www.chess.com"]

[Event "Titled Tuesday Blitz May 24 Early 2022"]
[White "Borawski, Jakub"]
[Black "Piesik, Piotr"]
[WhiteFideId "1143000"]
[BlackFideId "1136194"]
[WhiteElo "2020"]
[BlackElo "2190"]
[Result "1-0"]
[Round "07"]
[TimeControl "180+1"]
[Date "2022.05.25"]
[WhiteClock "0:00:02"]
[BlackClock "0:00:02"]

1. e4 g6 2. d4 Bg7 3. Nc3 c6 4. Be3 d5 5. Qd2 dxe4 6. Nxe4 Nf6 7. Nxf6+ Bxf6 8. O-O-O Be6 9. Kb1 Nd7 10. Nf3 Nb6 11. Bg5 a5 12. Bxf6 exf6 13. Re1 O-O 14. h4 h5 15. Bd3 Kg7 16. Rhg1 a4 17. a3 Qd5 18. Kc1 Qa2 19. Qc3 Rfe8 20. Kd2 Nd5 21. Qc5 b6 22. Qxc6 Rec8 23. Qb5 Ra5 24. Ra1 Qxa1 25. Rxa1 Rxb5 26. Bxb5 Ra8 27. g3 Nc7 28. Bc6 Ra5 29. c4 Bxc4 30. Rc1 Bb3 31. Bxa4 Rxa4 32. Rxc7 Bd5 33. Ke3 Ra5 34. Nd2 g5 35. Rd7 Be6 36. Rd6 Rb5 37. b4 Kf8 38. Ne4 Ke7 39. Rc6 Kd7 40. Rc1 Rf5 41. a4 Bd5 42. Ra1 g4 43. Nd2 Bb7 44. a5 Rb5 45. Ra4 bxa5 46. bxa5 Ba6 47. Ra3 Rb2 48. Rc3 f5 49. Rc5 Ra2 50. Rxf5 Ra3+ 51. Kf4 Rd3 52. Rd5+ Kc6 53. Rc5+ Kd7 54. Ne4 Rxd4 55. Ke5 Ra4 56. Nf6+ Ke7 57. Rc7+ Kf8 58. Ra7 Bd3 59. Nxh5 Re4+ 60. Kf6 Re6+ 61. Kg5 Rg6+ 62. Kf4 Bc2 63. Rb7 Bd3 64. Rc7 Ba6 65. Rc5 Bb7 66. Rg5 Ra6 67. Kxg4 Bc8+ 68. Kf4 Be6 69. Re5 Ke7 70. f3 Kd6 71. Rb5 Ra7 72. Rb6+ Kc5 73. Rb8 Rxa5 74. Rd8 Kc6 75. Rd1 Rxh5 76. g4 Rxh4 77. Rd2 Rh1 78. Kg5 Re1 79. Rd3 Bd5 80. Rc3+ Kd6 81. Kf6 Rf1 82. g5 Bxf3 83. Kxf7 Bh5+ 84. Kg7 Rg1 85. Kh6 Bf7 86. Re3 Kd7 87. Kg7 Be6 88. Kf6 Rf1+ 89. Kg7 Ke7 90. Re2 Rg1 91. Kh6 Kf7 92. Rf2+ Kg8 93. g6 Bd7 94. Rd2 Rh1+ 95. Kg5 Be6 96. Kf6 1-0


[Site "https://www.chess.com"]

[Event "Titled Tuesday Blitz May 24 Early 2022"]
[White "Borgaonkar Akshay"]
[Black "Janaszak, Dawid"]
[WhiteFideId "25639110"]
[BlackFideId "1119206"]
[WhiteElo "1639"]
[BlackElo "2199"]
[Result "0-1"]
[Round "07"]
[TimeControl "180+1"]
[Date "2022.05.25"]
[WhiteClock "0:00:05"]
[BlackClock "0:00:10"]

1. e4 c5 2. Nf3 Nc6 3. b4 cxb4 4. d4 e6 5. Bb2 d5 6. e5 Be7 7. Bd3 f5 8. Rg1 Nh6 9. h3 O-O 10. g4 fxg4 11. hxg4 Bg5 12. Rh1 Bd7 13. Nxg5 Qxg5 14. Bc1 Rf4 15. Bxf4 Qxf4 16. Qd2 Qxd4 17. c3 Qxe5+ 18. Kf1 bxc3 19. Nxc3 Nd4 20. Re1 Nf3 21. Rxe5 Nxd2+ 22. Ke2 Nc4 23. Bxc4 dxc4 24. f3 Rf8 25. Rc5 Bc6 26. Rf1 Nf7 27. Rxc4 Ne5 28. Rd4 Nxf3 29. Rdd1 h6 30. Ke3 Rf6 31. Ne4 Bxe4 32. Kxe4 Ng5+ 33. Ke5 Nf3+ 34. Kd6 e5+ 35. Ke7 e4 36. Rd8+ Kh7 37. Re8 e3 38. Kd8 Ne5 39. Rxe5 Rxf1 40. Rxe3 Rg1 41. Kc7 Rxg4 42. Kxb7 Ra4 43. Re2 h5 44. Kc6 h4 45. Kb5 Ra3 46. Kb4 Rg3 47. a4 h3 48. Kb5 Rg2 49. Re3 h2 50. Rh3+ Kg8 51. Ka6 Rg6+ 52. Kxa7 Rh6 0-1


[Site "https://www.chess.com"]

[Event "Titled Tuesday Blitz May 24 Early 2022"]
[White "Bortnyk, Olexandr"]
[Black "Garriga Cazorla, Pere"]
[WhiteFideId "14120828"]
[BlackFideId "32011601"]
[WhiteElo "2723"]
[BlackElo "2433"]
[Result "1-0"]
[Round "07"]
[TimeControl "180+1"]
[Date "2022.05.24"]
[WhiteClock "0:00:29"]
[BlackClock "0:00:14"]

1. d4 Nf6 2. Nc3 d5 3. Bf4 c5 4. e4 cxd4 5. Qxd4 Nc6 6. Qa4 d4 7. Nb5 e5 8. Bxe5 Bb4+ 9. c3 dxc3 10. bxc3 O-O 11. Rd1 Qe7 12. Bxf6 Qxe4+ 13. Ne2 gxf6 14. cxb4 Nxb4 15. Nc3 Nd3+ 16. Rxd3 Qxd3 17. Qe4 Bf5 18. Qxd3 Bxd3 19. Nf4 Bxf1 20. Rxf1 Rfd8 21. Ncd5 Kg7 22. Ke2 Rac8 23. Rd1 Rc2+ 24. Ke3 Rxa2 25. Nh5+ Kh6 26. Nhxf6 Rd6 27. g4 Re6+ 28. Kf3 Kg6 29. Nh5 Kg5 30. Ne3 Ra5 31. h4+ Kxh4 32. Nf4 Rf6 33. Rh1+ Kg5 34. Rh5# 1-0


[Site "https://www.chess.com"]

[Event "Titled Tuesday Blitz May 24 Early 2022"]
[White "Brodowski, Piotr"]
[Black "Kovalev, Vladislav"]
[WhiteFideId "1124480"]
[BlackFideId "13504398"]
[WhiteElo "2431"]
[BlackElo "2530"]
[Result "0-1"]
[Round "07"]
[TimeControl "180+1"]
[Date "2022.05.24"]
[WhiteClock "0:00:06"]
[BlackClock "0:00:58"]

1. e4 e5 2. Nf3 Nc6 3. d4 exd4 4. Bc4 Nf6 5. e5 d5 6. Bb5 Nd7 7. O-O Be7 8. Bxc6 bxc6 9. Nxd4 Nb8 10. Nc3 O-O 11. Nb3 Bf5 12. Be3 a5 13. a4 Qd7 14. Re1 f6 15. e6 Bxe6 16. Nc5 Bxc5 17. Bxc5 Re8 18. Qd4 Na6 19. Rad1 Bf5 20. Rc1 Bxc2 21. h3 Bg6 22. Ba3 h6 23. Rxe8+ Qxe8 24. Nd1 Qe1+ 25. Kh2 Nb4 26. Bxb4 axb4 27. Rxc6 Rxa4 28. Rxc7 Qe5+ 29. Qxe5 fxe5 30. Ne3 d4 31. Nc4 e4 32. Ne5 Bf5 33. g4 Be6 34. Rc6 Bb3 35. Rd6 d3 36. Rd4 Ra2 37. Rxb4 d2 38. Rb8+ Kh7 39. Rd8 d1=Q 40. Rf8 Qd6 41. Rf5 Ra5 0-1


[Site "https://www.chess.com"]

[Event "Titled Tuesday Blitz May 24 Early 2022"]
[White "Bryakin, Mikhail"]
[Black "Chen, Qi b"]
[WhiteFideId "4165314"]
[BlackFideId "8614733"]
[WhiteElo "2417"]
[BlackElo "2432"]
[Result "1-0"]
[Round "07"]
[TimeControl "180+1"]
[Date "2022.05.24"]
[WhiteClock "0:00:19"]
[BlackClock "0:00:02"]

1. e4 c5 2. b3 g6 3. Bb2 Nf6 4. e5 Nd5 5. Nc3 Nc7 6. f4 Bg7 7. Nf3 Nc6 8. Qe2 Ne6 9. g3 b6 10. Bg2 Bb7 11. O-O Ncd4 12. Nxd4 Nxd4 13. Qd3 Bxg2 14. Kxg2 d6 15. exd6 Qxd6 16. Ne4 Qc6 17. Bxd4 Bxd4 18. c3 Bg7 19. Qf3 O-O 20. Rad1 Rad8 21. Nf2 Qc8 22. Rfe1 Rd7 23. c4 Rfd8 24. d3 e6 25. Re2 Rd4 26. h4 a6 27. a4 Qd7 28. h5 b5 29. axb5 axb5 30. hxg6 hxg6 31. Rh1 bxc4 32. bxc4 Qa4 33. Qb7 R4d7 34. Qe4 Qa3 35. Qc6 Bd4 36. Rxe6 fxe6 37. Qxe6+ Rf7 38. Qxg6+ Bg7 39. Rh5 Qb2 40. Rxc5 Re8 41. Rf5 Qb7+ 42. Ne4 Rxe4 43. Qxf7+ Qxf7 44. Rxf7 Rd4 45. Rf5 Rxd3 46. Rd5 Rc3 47. Rc5 Bf8 48. Rc7 Bd6 49. Rc6 Ba3 50. Kh3 Kf7 51. Kh4 Bc1 52. f5 Be3 53. g4 Bd2 54. g5 Ke7 55. f6+ Kd7 56. Rc5 Ke6 57. Rc6+ Kd7 58. f7 Rf3 59. Rf6 Rxf6 60. gxf6 Bb4 61. Kg5 Kc6 62. Kg6 Bf8 63. Kh7 1-0


[Site "https://www.chess.com"]

[Event "Titled Tuesday Blitz May 24 Early 2022"]
[White "Butti, Enrique"]
[Black "Ambartsumova, Karina"]
[WhiteFideId "3700470"]
[BlackFideId "4166299"]
[WhiteElo "2080"]
[BlackElo "2262"]
[Result "0-1"]
[Round "07"]
[TimeControl "180+1"]
[Date "2022.05.25"]
[WhiteClock "0:00:44"]
[BlackClock "0:00:35"]

1. d4 Nf6 2. Nf3 g6 3. c4 Bg7 4. Nc3 O-O 5. Bg5 d6 6. e3 c5 7. Be2 h6 8. Bh4 g5 9. Bg3 Nh5 10. d5 Nxg3 11. hxg3 Nd7 12. Qc2 e5 13. Bd3 Qe7 14. Nd2 Nf6 15. O-O-O a6 16. a4 Ng4 17. Rdf1 f5 18. e4 f4 19. Nd1 Bd7 20. f3 Nf6 21. g4 b5 22. axb5 axb5 23. Nc3 Ra1+ 24. Ncb1 bxc4 25. Nxc4 Rb8 26. Rh2 Ba4 27. Qe2 Bb3 28. Rfh1 Kh7 0-1


[Site "https://www.chess.com"]